 Dungeon Crawl Stone Soup version 0.29-a0-575-g0dc89cf053 (webtiles) character file.

Game seed: 10804812269899988990

32 raistware the Conjurer (level 3, 0/24 HPs)
             Began as a Human Conjurer on June 12, 2022.
             Slain by an adder (3 damage)
             ... on level 2 of the Dungeon.
             The game lasted 00:01:48 (1578 turns).

raistware the Conjurer (Human Conjurer)             Turns: 1578, Time: 00:01:49

Health: 0/24       AC:  3    Str:  7    XL:     3   Next: 42%
Magic:  7/7        EV: 12    Int: 20    God:
Gold:   77         SH:  0    Dex: 11    Spells: 4/7 levels left

rFire   . . .      SeeInvis .   c - staff of earth
rCold   . . .      Faith    .   (no shield)
rNeg    . . .      Spirit   .   a - +0 robe
rPois   .          Reflect  .   (no helmet)
rElec   .          Harm     .   (no cloak)
rCorr   .          Rampage  .   f - +0 pair of gloves
Will    .....                   (no boots)
Stlth   ++........              (no amulet)
HPRegen 0.08/turn               (no ring)
MPRegen 0.10/turn               (no ring)

@: lethally poisoned (0 -> -8)
A: no striking features
a: no special abilities


You were on level 2 of the Dungeon.
You visited 1 branch of the dungeon, and saw 2 of its levels.

You collected 77 gold pieces.

Inventory:

Armour
 a - a +0 robe (worn)
 f - a +0 pair of gloves (worn)
Magical Staves
 c - a staff of earth (weapon)
Scrolls
 d - 2 scrolls of fog {unknown}
 e - a scroll of teleportation {unknown}
Potions
 g - a potion of heal wounds {unknown}
 h - a potion of degeneration {unknown}
 i - a potion of mutation {unknown}
 j - a potion of berserk rage {unknown}
 k - 2 potions of curing {unknown}


   Skills:
 - Level 2.0 Dodging
 - Level 2.0 Stealth
 * Level 2.7 Spellcasting
 * Level 4.5 Conjurations


You had 4 spell levels left.
You knew the following spells:

 Your Spells              Type           Power      Damage    Failure   Level
a - Magic Dart            Conj           80%        1d7       2%          1
b - Searing Ray           Conj           40%        2d5       3%          2

Your spell library contained the following spells:

 Spells                   Type           Power      Damage    Failure   Level
 Dazzling Flash           Conj/Hex       22%        N/A       17%         3
 Ozocubu's Armour         Ice            2%         N/A       41%         3
 Fulminant Prism          Conj/Hex       5%         3d7       50%         4
 Iskenderun's Mystic Bla  Conj/Tloc      11%        2d4       50%         4
 Metabolic Englaciation   Hex/Ice        1%         N/A       99%         5
 Simulacrum               Ice/Necr       1%         N/A       100%        6


Dungeon Overview and Level Annotations

Branches:
Dungeon (2/15)

Altars:


Message History

The adder is severely wounded.
The adder closely misses you. x2
You miss the adder.
The adder is severely wounded.
The adder bites you.
You are poisoned.
The adder poisons you! The adder misses you.
You barely miss the adder.
The adder is severely wounded.
You feel sick. The adder barely misses you.
You are too injured to fight recklessly!
Casting: Magic Dart (safe; 2% risk of failure)
Confirm with . or Enter, or press ? or * to list all spells.
Aiming: Magic Dart (safe; 2% risk of failure)
Press: ? - help, Shift-Dir - straight line, f/p - adder
Aim: an adder (severely wounded, 100% to hit)
The magic dart hits the adder.
The adder is severely wounded.
You feel sick. The adder barely misses you.
You are too injured to fight recklessly!
You are too injured to fight recklessly!
You closely miss the adder.
The adder is severely wounded.
You feel sick.
You are no longer poisoned.
The adder completely misses you. The adder bites you.
You barely miss the adder.
The adder is severely wounded.
The adder bites you.
* * * LOW HITPOINT WARNING * * *
You are poisoned.
The adder poisons you! The adder bites you.
* * * LOW HITPOINT WARNING * * *
You are more poisoned.
The adder poisons you! Magic courses through your body.
* * * LOW HITPOINT WARNING * * *
You feel very sick. The adder bites you.
You die...

# #.#.#####
#.......#+#####..
#.####.#.@S......
#......+.........
######.#.........
####.#.........
#....#.........
#....#.........
#....#.........
#....##.#######
##########.#


You could see an adder.

Vanquished Creatures
  An adder (D:2)
  2 dart slugs (D:1)
  A bat (D:1)
  2 endoplasms (D:1)
  4 giant cockroaches (D:1)
  3 hobgoblins (D:1)
  A quokka (D:1)
  A frilled lizard (D:1)
  A goblin (D:1)
  A rat (D:2)
17 creatures vanquished.

Notes
Turn   | Place    | Note
-------+----------+-------------------------------------------
     0 | D:1      | raistware the Human Conjurer began the quest for the Orb.
     0 | D:1      | Reached XP level 1. HP: 13/13 MP: 3/3
   513 | D:1      | Found a faded altar of an unknown god.
   662 | D:1      | Reached XP level 2. HP: 19/19 MP: 1/5
   665 | D:1      | Learned a level 2 spell: Searing Ray
  1359 | D:1      | Reached XP level 3. HP: 24/24 MP: 2/6
  1578 | D:2      | Slain by an adder

Illustrated notes

Levels and vault maps discovered:
D:1:      minmay_arrival_loop, layout_basic, ebering_ecumenical_altar_box,
          minmay_tall_x
D:2:      kennysheep_big_flooded_room, layout_basic, basic_altar, serial_shops,
          nicolae_shop_crystal

Action                   || total
-------------------------++-------
Melee: Unarmed           ||    10
       Staff             ||    35
 Cast: Magic Dart        ||    42
  Use: Potion            ||     1
Armor: Robe              ||    18
Dodge: Dodged            ||    36

Table legend: (Time is in decaauts)
 A = Elapsed time spent in this place.
 B = Non-inter-level travel time spent in this place.
 C = Inter-level travel time spent in this place.
 D = Time resting spent in this place.
 E = Time spent auto-exploring this place.
 F = Levels seen in this place.
 G = Mean time per level.
                   A        B        C        D        E       F      G
               +--------+--------+--------+--------+--------+-----+--------+
         Total |   1584 |   1567 |     17 |      0 |   1408 |   2 |  792.0 |
       Dungeon |   1584 |   1567 |     17 |      0 |   1408 |   2 |  792.0 |
               +--------+--------+--------+--------+--------+-----+--------+

Top non-repeatable levels by time:
     D:1: 1519 daAuts
     D:2: 64 daAuts
